 Dungeon Crawl Stone Soup version 0.25.0-15-gac7dcb8919 (webtiles) character file.

Game seed: 13008871003605356478

16 protoss039 the Digger (level 2, -3/15 HPs)
             Began as a Deep Elf Earth Elementalist on June 29, 2020.
             Killed from afar by a dart slug (7 damage)
             ... with a slug dart
             ... on level 1 of the Dungeon.
             The game lasted 00:00:55 (525 turns).

protoss039 the Digger (Deep Elf Earth Elementalist)  Turns: 525, Time: 00:00:56

Health: -3/15      AC:  2    Str:  5    XL:     2   Next: 41%
Magic:  6/8        EV: 13    Int: 19    God:
Gold:   118        SH:  0    Dex: 15    Spells: 6/7 levels left

rFire    . . .     SeeInvis .   f - +0 short sword
rCold    . . .     Gourm    .   (no shield)
rNeg     . . .     Faith    .   c - +0 robe
rPois    .         Spirit   .   (no helmet)
rElec    .         Reflect  .   (no cloak)
rCorr    .         Harm     .   (no gloves)
MR       .....                  (no boots)
Stlth    ++........             (no amulet)
HPRegen  0.05/turn              (no ring)
MPRegen  0.11/turn              (no ring)

@: no status effects
A: no striking features
a: no special abilities


You were on level 1 of the Dungeon.
You were not hungry.

You visited 1 branch of the dungeon, and saw 1 of its levels.

You collected 118 gold pieces.

Inventory:

Hand Weapons
 f - a +0 short sword (weapon)
Missiles
 b - 33 stones (quivered)
Armour
 c - a +0 robe (worn)
Scrolls
 e - a scroll of identify {unknown}
Comestibles
 a - a chunk of flesh
 d - 2 rations


   Skills:
 - Level 2.4 Dodging
 - Level 2.4 Stealth
 * Level 3.4 Spellcasting
   Level 1.1 Transmutations
 * Level 4.0 Earth Magic


You had 6 spell levels left.
You knew the following spells:

 Your Spells              Type           Power        Failure   Level  Hunger
a - Sandblast             Erth           ###...       2%          1    None

Your spell library contained the following spells:

 Spells                   Type           Power        Failure   Level  Hunger
 Passwall                 Tmut/Erth      ##......     8%          2    ##.....
 Stone Arrow              Conj/Erth      ##....       19%         3    ###....
 Petrify                  Tmut/Erth      ##......     45%         4    ####...
 Lee's Rapid Deconstruct  Erth           ###.......   61%         5    ######.


Dungeon Overview and Level Annotations

Branches:
Dungeon (1/15)

Altars:


Message History

Press: ? - help, Shift-Dir - straight line, f - rat
Aim: a rat The blast of sand misses the rat.
b - 34 stones The rat closely misses you.
The rat bites you. The dart slug launches a dart at you.
The slug dart misses you.
Casting: Sandblast (safe; 2% risk of failure)
Confirm with . or Enter, or press ? or * to list all spells.
Aiming: Sandblast (safe; 2% risk of failure)
Press: ? - help, Shift-Dir - straight line, f/p - rat
Aim: a rat The blast of sand hits the rat!
You kill the rat!
b - 33 stones The rat bites you.
* * * LOW HITPOINT WARNING * * *
The dart slug launches a dart at you. The slug dart hits you!
You die...

..##.......#.......#
#.##.####....### .#
#.##.# ##.....###>#
#.#..# ###........
#...## #.#......
####..## #..#......
#.....# ...##......
#.....#####.###
#.#รท...
#.....@.......


#.#PPPP #.....rw...... ##...... #.(........... #...P... #.............#..#.P...
#...............#..PPPP ####...........##.####. #........... #. #. ######...#.
#. #. #... #. #.. You could see a dart slug and a rat.

Vanquished Creatures
  A dart slug (D:1)
  A leopard gecko (D:1)
  A giant cockroach (D:1)
  A goblin (D:1)
  3 hobgoblins (D:1)
  A kobold (D:1)
  A frilled lizard (D:1)
  4 rats (D:1)
13 creatures vanquished.

Vanquished Creatures (others)
  2 toadstools (D:1)
2 creatures vanquished.

Grand Total: 15 creatures vanquished

Notes
Turn   | Place    | Note
-------+----------+-------------------------------------------
     0 | D:1      | protoss039 the Deep Elf Earth Elementalist began the quest
                  | for the Orb.
     0 | D:1      | Reached XP level 1. HP: 10/10 MP: 6/6
   132 | D:1      | Reached XP level 2. HP: 4/15 MP: 6/8
   516 | D:1      | Reached skill level 4 in Earth Magic
   525 | D:1      | Killed from afar by a dart slug

Illustrated notes

Levels and vault maps discovered:
D:1:      minmay_arrival_plants_in_alcoves, layout_rooms,
          minmay_gold_behind_fungi

Skill      XL: |  1  2 |
---------------+-------+-----
Earth Magic    | 4 |  4.0
Dodging        | |  2.4
Stealth        | |  2.4
Spellcasting   | |  3.4
Transmutations | |  1.1

Action                   || total
-------------------------++-------
Melee: Dagger            ||     6
       Short sword       ||     6
 Cast: Sandblast         ||    17
 Stab: Sleeping          ||     2
Armor: Robe              ||     4
Dodge: Dodged            ||     7
